[Event "ICC tourney 2532 (25 5)"]
[Site "Internet Chess Club"]
[Date "2021.04.24"]
[Round "1"]
[White "L JENKS, TRISTAN:K12-30162920"]
[Black "KAZUO SLOWIK, DYLAN:K12-14697884"]
[Result "0-1"]
[ICCResult "White checkmated"]
[WhiteElo "519"]
[BlackElo "1769"]
[Opening "Sicilian defense"]
[ECO "B20"]
[NIC "SI.48"]
[Time "11:01:38"]
[PlyCount "32"]
[TimeControl "1500+5"]

1. e4 c5 2. Bc4 d6 3. Nf3 Nc6 4. Ng5 e6 5. Qf3 Qxg5 6. d4 Qxc1+ 7. Ke2
Nxd4+ 8. Kd3 Qxc2+ 9. Ke3 Nxf3 10. Kxf3 Qxc4 11. Nd2 Qd3+ 12. Kf4 Qxd2+ 13.
Kf3 Qd3+ 14. Kf4 e5+ 15. Kg5 Be7+ 16. Kh5 g6# { White checkmated } 0-1

[Event "ICC tourney 2532 (25 5)"]
[Site "Internet Chess Club"]
[Date "2021.04.24"]
[Round "1"]
[White "LU, MAXIMILLIAN:K12-14732597"]
[Black "RAJA, ABHINAV:K12-16290326"]
[Result "1-0"]
[ICCResult "Black resigns"]
[WhiteElo "2430"]
[BlackElo "1253"]
[Opening "English opening"]
[ECO "A16"]
[NIC "EO.64"]
[Time "11:01:33"]
[PlyCount "37"]
[TimeControl "1500+5"]

1. c4 Nf6 2. Nc3 g6 3. g3 Bg7 4. Bg2 O-O 5. e4 e5 6. Nge2 Ne8 7. d3 f5 8.
O-O d6 9. Be3 h6 10. Qd2 g5 11. exf5 Rxf5 12. d4 Nc6 13. f4 exf4 14. gxf4
gxf4 15. Nxf4 Qh4 16. Bd5+ Kh8 17. Ng6+ Kh7 18. Nxh4 Rg5+ 19. Bxg5 { Black
resigns } 1-0

[Event "ICC tourney 2532 (25 5)"]
[Site "Internet Chess Club"]
[Date "2021.04.24"]
[Round "1"]
[White "S BHARGAVA, YASH:K12-16100156"]
[Black "KANCHARLA, SRIKAR:K12-16969797"]
[Result "1-0"]
[ICCResult "Black checkmated"]
[WhiteElo "1772"]
[BlackElo "592"]
[Opening "Giuoco Pianissimo"]
[ECO "C55"]
[NIC "IG.01"]
[Time "11:01:33"]
[PlyCount "45"]
[TimeControl "1500+5"]

1. e4 e5 2. Nf3 Nc6 3. Bc4 Nf6 4. d3 Bc5 5. Be3 Bxe3 6. fxe3 d6 7. Nc3 Bg4
8. h3 Bh5 9. Qe2 O-O 10. O-O Bxf3 11. Rxf3 a6 12. Raf1 b5 13. Bb3 b4 14.
Nd5 Nxd5 15. Bxd5 Qd7 16. Rxf7 Rxf7 17. Bxf7+ Kh8 18. Bd5 Rg8 19. Bxg8 Kxg8
20. Qf3 Qd8 21. Qf7+ Kh8 22. Qf8+ Qxf8 23. Rxf8# { Black checkmated } 1-0

[Event "ICC tourney 2532 (25 5)"]
[Site "Internet Chess Club"]
[Date "2021.04.24"]
[Round "1"]
[White "KARP, RICHARD:K12-15130704"]
[Black "C FOX, NOLAN:K12-30126081"]
[Result "1-0"]
[ICCResult "Black checkmated"]
[WhiteElo "1633"]
[BlackElo "318"]
[Opening "Nimzovich-Larsen attack: Indian variation"]
[ECO "A01"]
[NIC "VO.08"]
[Time "11:02:42"]
[PlyCount "37"]
[TimeControl "1500+5"]

1. b3 Nf6 2. Bb2 d5 3. Nf3 e6 4. e3 Bb4 5. a3 Bc5 6. Be2 O-O 7. O-O Nc6 8.
Nc3 Bd7 9. d4 Bd6 10. Nb5 Qe7 11. Nxd6 Qxd6 12. Ne5 Nxe5 13. dxe5 Qe7 14.
exf6 gxf6 15. Bd3 Rfe8 16. Qh5 Kf8 17. Qh6+ Kg8 18. Qxh7+ Kf8 19. Qh8# {
Black checkmated } 1-0

[Event "ICC tourney 2532 (25 5)"]
[Site "Internet Chess Club"]
[Date "2021.04.24"]
[Round "1"]
[White "BENNETT, MOSES:K12-15673611"]
[Black "HUANG, ANDREW:K12-15187612"]
[Result "0-1"]
[ICCResult "White checkmated"]
[WhiteElo "910"]
[BlackElo "1967"]
[Opening "French defense"]
[ECO "C00"]
[NIC "FR.01"]
[Time "11:01:23"]
[PlyCount "50"]
[TimeControl "1500+5"]

1. e4 e6 2. Nf3 d5 3. exd5 exd5 4. d4 Nf6 5. Nc3 Bb4 6. Bd2 O-O 7. Bd3 Re8+
8. Ne5 Nfd7 9. O-O Nxe5 10. dxe5 Rxe5 11. Re1 Nc6 12. Bf4 Rxe1+ 13. Qxe1 d4
14. Bxh7+ Kxh7 15. Qe4+ f5 16. Qf3 dxc3 17. Qh5+ Kg8 18. Re1 Bd7 19. b3 Qf8
20. Bxc7 Re8 21. Rxe8 Qxe8 22. g3 Qxh5 23. Kg2 Ne5 24. Bxe5 Bc6+ 25. Kg1
Qd1# { White checkmated } 0-1

[Event "ICC tourney 2532 (25 5)"]
[Site "Internet Chess Club"]
[Date "2021.04.24"]
[Round "1"]
[White "MILLER COY, MATTHEW:K12-14688435"]
[Black "SMITH, JAMES:K12-17015408"]
[Result "1-0"]
[ICCResult "Black checkmated"]
[WhiteElo "1954"]
[BlackElo "879"]
[Opening "QGD: exchange, positional line"]
[ECO "D35"]
[NIC "QO.16"]
[Time "11:01:56"]
[PlyCount "79"]
[TimeControl "1500+5"]

1. d4 d5 2. c4 e6 3. Nc3 Nf6 4. cxd5 exd5 5. Bg5 Bb4 6. e3 h6 7. Bh4 g5 8.
Bg3 Bxc3+ 9. bxc3 Ne4 10. Be5 f6 11. Qh5+ Kf8 12. Bg3 Nxg3 13. hxg3 f5 14.
Nf3 g4 15. Ne5 Qg5 16. Qxg5 hxg5 17. Rxh8+ Ke7 18. Rxc8 Ke6 19. Rb1 Kd6 20.
Rxb7 f4 21. Rbxb8 Rxb8 22. Rxb8 fxe3 23. fxe3 c5 24. Rg8 cxd4 25. cxd4 a5
26. Rxg5 Ke6 27. Rxg4 Kf5 28. Bd3+ Kf6 29. Rg6+ Ke7 30. Ra6 a4 31. Rxa4 Kd6
32. Rb4 Ke7 33. Rb6 Kd8 34. Rb7 Kc8 35. Rd7 Kb8 36. g4 Kc8 37. g5 Kb8 38.
g6 Kc8 39. g7 Kb8 40. g8=R# { Black checkmated } 1-0

[Event "ICC tourney 2532 (25 5)"]
[Site "Internet Chess Club"]
[Date "2021.04.24"]
[Round "1"]
[White "BRAWER, CHLOE:K12-15017115"]
[Black "XU, NOAH:K12-15302005"]
[Result "0-1"]
[ICCResult "White checkmated"]
[WhiteElo "785"]
[BlackElo "1897"]
[Opening "French: advance, Nimzovich system"]
[ECO "C02"]
[NIC "FR.03"]
[Time "11:02:21"]
[PlyCount "80"]
[TimeControl "1500+5"]

1. e4 e6 2. d4 d5 3. e5 c5 4. Nf3 cxd4 5. Nxd4 Nc6 6. Nf3 Bc5 7. Nc3 Nge7
8. Be2 Ng6 9. O-O Ngxe5 10. Bf4 Nxf3+ 11. Bxf3 O-O 12. a3 a6 13. b4 Bd6 14.
Qd2 Bxf4 15. Qxf4 Qf6 16. Qd2 Ne5 17. Qe3 Nxf3+ 18. Qxf3 Qxf3 19. gxf3 Bd7
20. Rae1 Rac8 21. Ne2 Rxc2 22. Nf4 Bb5 23. Kg2 Bxf1+ 24. Rxf1 Ra2 25. Rc1
Rxa3 26. Rc7 b5 27. Ra7 Ra4 28. Nd3 Rc8 29. Nc5 Rxb4 30. Nxa6 Ra4 31. h4 h5
32. Kg3 Rc6 33. Ra8+ Kh7 34. f4 Rcxa6 35. Rxa6 Rxa6 36. f3 b4 37. Kf2 b3
38. Ke3 b2 39. Kd4 b1=Q 40. Ke5 Qb2# { White checkmated } 0-1

[Event "ICC tourney 2532 (25 5)"]
[Site "Internet Chess Club"]
[Date "2021.04.24"]
[Round "1"]
[White "GUPTA, ESHAN:K12-16099390"]
[Black "KARTHIK, SHARADHA:K12-17095438"]
[Result "1-0"]
[ICCResult "Black checkmated"]
[WhiteElo "1659"]
[BlackElo "398"]
[Opening "Giuoco Piano"]
[ECO "C54"]
[NIC "IG.02"]
[Time "11:02:43"]
[PlyCount "55"]
[TimeControl "1500+5"]

1. e4 e5 2. Nf3 Nc6 3. Bc4 Bc5 4. c3 Nf6 5. d4 exd4 6. e5 Ne4 7. Bd5 Nf6 8.
exf6 gxf6 9. Bxc6 bxc6 10. Qe2+ Be7 11. Nxd4 c5 12. Nf5 Rg8 13. Bh6 Bb7 14.
Ng7+ Kf8 15. Ne6+ Ke8 16. Nxd8 Kxd8 17. Nd2 Rxg2 18. O-O-O Rg6 19. Rhg1 a6
20. Rde1 c6 21. Qxe7+ Kc7 22. Bf8 Rg5 23. Rxg5 fxg5 24. Qd6+ Kb6 25. Qxc5+
Kc7 26. Bd6+ Kd8 27. Qb6+ Kc8 28. Re8# { Black checkmated } 1-0

[Event "ICC tourney 2532 (25 5)"]
[Site "Internet Chess Club"]
[Date "2021.04.24"]
[Round "1"]
[White "CARMINA, JONATHAN:K12-15466693"]
[Black "CLASBY, DEREK:K12-15194211"]
[Result "0-1"]
[ICCResult "White checkmated"]
[WhiteElo "1183"]
[BlackElo "2286"]
[Opening "Ruy Lopez: four knights (Tarrasch) variation"]
[ECO "C77"]
[NIC "RL.12"]
[Time "11:01:27"]
[PlyCount "74"]
[TimeControl "1500+5"]

1. e4 e5 2. Nf3 Nc6 3. Bb5 a6 4. Ba4 Nf6 5. Nc3 Be7 6. d3 b5 7. Bb3 d6 8.
Bg5 h6 9. Be3 Be6 10. d4 exd4 11. Nxd4 Nxd4 12. Bxd4 O-O 13. Qf3 c5 14. Be3
c4 15. Qg3 Kh7 16. f4 Nxe4 17. Nxe4 Bh4 18. Qxh4 Qxh4+ 19. g3 Qg4 20. O-O
cxb3 21. axb3 Bd5 22. Nd2 Qe2 23. Rf2 Qxe3 24. Kf1 Rae8 25. c4 bxc4 26.
bxc4 Qd3+ 27. Kg1 Re2 28. Raf1 Rxd2 29. Rxd2 Qxd2 30. Rf2 Qe1+ 31. Rf1 Qe3+
32. Rf2 Bf3 33. b4 Rc8 34. c5 dxc5 35. bxc5 Rxc5 36. h4 Rc1+ 37. Kh2 Rh1# {
White checkmated } 0-1

[Event "ICC tourney 2532 (25 5)"]
[Site "Internet Chess Club"]
[Date "2021.04.24"]
[Round "1"]
[White "WANG, LUCAS:K12-16797884"]
[Black "ORUGANTI, SURAJ:K12-15521792"]
[Result "0-1"]
[ICCResult "White checkmated"]
[WhiteElo "548"]
[BlackElo "1771"]
[Opening "Four knights: Scotch, 4...exd4"]
[ECO "C47"]
[NIC "KP.06"]
[Time "11:02:21"]
[PlyCount "42"]
[TimeControl "1500+5"]

1. e4 e5 2. Nf3 Nc6 3. Nc3 Nf6 4. d4 exd4 5. Nxd4 d6 6. Bf4 Be7 7. Nxc6
bxc6 8. Bd3 O-O 9. O-O h6 10. e5 Nd5 11. Nxd5 cxd5 12. exd6 Bxd6 13. Be3
Bb7 14. Qf3 Rb8 15. c4 dxc4 16. Qd1 cxd3 17. Qxd3 Bxh2+ 18. Kxh2 Qxd3 19.
Rad1 Qe4 20. Rg1 Rfd8 21. Rde1 Qh4# { White checkmated } 0-1

[Event "ICC tourney 2532 (25 5)"]
[Site "Internet Chess Club"]
[Date "2021.04.24"]
[Round "1"]
[White "SEO, CHRISTOPHER:K12-15644992"]
[Black "B LANCMAN, KYLE:K12-15146021"]
[Result "0-1"]
[ICCResult "White resigns"]
[WhiteElo "1008"]
[BlackElo "2049"]
[Opening "Sicilian: closed"]
[ECO "B23"]
[NIC "SI.44"]
[Time "11:02:03"]
[PlyCount "49"]
[TimeControl "1500+5"]

1. e4 c5 2. Nc3 g6 3. f4 Bg7 4. d3 Nc6 5. Be3 d6 6. g3 Nf6 7. Bg2 Ng4 8.
Qd2 Nxe3 9. Qxe3 Nd4 10. O-O-O O-O 11. Nge2 Qa5 12. e5 Bg4 13. Rd2 Bxe2 14.
Nxe2 Qxa2 15. Nc3 Qa1+ 16. Nb1 dxe5 17. c3 exf4 18. Qxe7 Nb3+ 19. Kc2 Nxd2
20. Nxd2 Qa4+ 21. Nb3 Rae8 22. Qxb7 Re2+ 23. Kb1 Bxc3 24. bxc3 Qa2+ 25. Kc1
{ White resigns } 0-1

[Event "ICC tourney 2532 (25 5)"]
[Site "Internet Chess Club"]
[Date "2021.04.24"]
[Round "1"]
[White "XIAO, EDWARD:K12-15784954"]
[Black "A SMITH, AMARI:K12-16859442"]
[Result "1-0"]
[ICCResult "Black checkmated"]
[WhiteElo "1942"]
[BlackElo "862"]
[Opening "Hungarian defense"]
[ECO "C50"]
[NIC "IG.03"]
[Time "11:01:35"]
[PlyCount "43"]
[TimeControl "1500+5"]

1. e4 e5 2. Nf3 Nc6 3. Bc4 Be7 4. d4 d6 5. d5 Na5 6. Bd3 c6 7. b4 b5 8.
bxa5 Qxa5+ 9. Bd2 Qc7 10. dxc6 Qxc6 11. Nc3 a6 12. O-O Be6 13. a4 b4 14.
Nd5 Bxd5 15. exd5 Qxd5 16. Bxb4 e4 17. Bb5+ Qxb5 18. axb5 exf3 19. Qxf3 Nf6
20. Qxa8+ Bd8 21. Rfe1+ Kd7 22. Qc6# { Black checkmated } 1-0

[Event "ICC tourney 2532 (25 5)"]
[Site "Internet Chess Club"]
[Date "2021.04.24"]
[Round "1"]
[White "OBEROI, SHELEV:K12-14961028"]
[Black "WANG, RICHARD:K12-16267445"]
[Result "1-0"]
[ICCResult "Black resigns"]
[WhiteElo "2277"]
[BlackElo "1178"]
[Opening "Réti: King's Indian attack (Barcza system)"]
[ECO "A07"]
[NIC "QP.09"]
[Time "11:02:38"]
[PlyCount "69"]
[TimeControl "1500+5"]

1. Nf3 d5 2. g3 Nf6 3. Bg2 Bf5 4. O-O e6 5. d3 Bd6 6. Nbd2 O-O 7. Qe1 Re8
8. e4 dxe4 9. dxe4 Bg6 10. e5 Bxc2 11. exf6 Qxf6 12. Ne4 Bxe4 13. Qxe4 Nc6
14. Ng5 g6 15. Qh4 Qg7 16. Ne4 Be7 17. Bg5 Rad8 18. Nf6+ Bxf6 19. Bxf6 Qf8
20. Bxc6 bxc6 21. Bxd8 Rxd8 22. Rad1 Rd6 23. Rxd6 Qxd6 24. Qf4 Qe7 25. Rd1
c5 26. Qd2 Qf6 27. Qd8+ Kg7 28. Qxf6+ Kxf6 29. Rd7 c6 30. Rxa7 Ke5 31. a4
c4 32. a5 Kd4 33. a6 Kd3 34. Rc7 Kc2 35. Rxc6 { Black resigns } 1-0

[Event "ICC tourney 2532 (25 5)"]
[Site "Internet Chess Club"]
[Date "2021.04.24"]
[Round "1"]
[White "VENKATESH NATARAJAN, ARAVINTH:K12-17300200"]
[Black "SUCHERMAN, ETHAN:K12-16996535"]
[Result "1-0"]
[ICCResult "Black checkmated"]
[WhiteElo "1824"]
[BlackElo "674"]
[Opening "Ruy Lopez: Berlin defense, open variation"]
[ECO "C67"]
[NIC "RL.07"]
[Time "11:01:26"]
[PlyCount "71"]
[TimeControl "1500+5"]

1. e4 e5 2. Nf3 Nc6 3. Bb5 Nf6 4. O-O Nxe4 5. Re1 Nf6 6. Bxc6 dxc6 7. Rxe5+
Be7 8. d4 O-O 9. c3 Bd6 10. Re1 Ng4 11. h3 Nf6 12. Bg5 Re8 13. Nbd2 Rxe1+
14. Qxe1 Qe8 15. Bxf6 Qxe1+ 16. Rxe1 gxf6 17. Ne4 Bf5 18. Nxf6+ Kg7 19.
Ne8+ Kh6 20. Nxd6 cxd6 21. Re7 Bb1 22. Rxf7 b6 23. Rf6+ Kg7 24. Rxd6 c5 25.
dxc5 bxc5 26. Ra6 Bd3 27. Ra5 c4 28. Ne5 Rb8 29. Rxa7+ Kg8 30. b4 cxb3 31.
Nxd3 Rc8 32. axb3 Rxc3 33. Nf4 Rxb3 34. Nh5 Kh8 35. Nf6 Rb6 36. Rxh7# {
Black checkmated } 1-0

[Event "ICC tourney 2532 (25 5)"]
[Site "Internet Chess Club"]
[Date "2021.04.24"]
[Round "1"]
[White "RAJARAM, ROHAN:K12-15739716"]
[Black "FRANKLIN TRIMMER, MAX:K12-15033748"]
[Result "1-0"]
[ICCResult "Black resigns"]
[WhiteElo "1905"]
[BlackElo "816"]
[Opening "Queen's gambit accepted"]
[ECO "D20"]
[NIC "QG.03"]
[Time "11:06:38"]
[PlyCount "49"]
[TimeControl "1500+5"]

1. d4 d5 2. c4 dxc4 3. e3 e6 4. Bxc4 c5 5. Nc3 Nc6 6. Nf3 Nf6 7. O-O cxd4
8. exd4 Bb4 9. Re1 O-O 10. a3 Ba5 11. Bg5 Bb6 12. d5 Na5 13. Ba2 h6 14. Bh4
g5 15. Bg3 exd5 16. Nxd5 Nxd5 17. Bxd5 Nc6 18. Bd6 Re8 19. Rxe8+ Qxe8 20.
Qb3 Be6 21. Re1 Na5 22. Qd3 Qd7 23. Rxe6 fxe6 24. Qg6+ Qg7 25. Bxe6+ {
Black resigns } 1-0

[Event "ICC tourney 2532 (25 5)"]
[Site "Internet Chess Club"]
[Date "2021.04.24"]
[Round "1"]
[White "DESAI, RIYA:K12-16115845"]
[Black "SAMUEL PLATNICK, ELIJAH:K12-15208013"]
[Result "0-1"]
[ICCResult "White resigns"]
[WhiteElo "992"]
[BlackElo "2015"]
[Opening "Two knights defense, Perreux variation"]
[ECO "C55"]
[NIC "KP.02"]
[Time "11:02:38"]
[PlyCount "28"]
[TimeControl "1500+5"]

1. e4 e5 2. Nf3 Nc6 3. d4 exd4 4. Bc4 Nf6 5. Ng5 d5 6. Bxd5 Nxd5 7. exd5
Qxd5 8. Qe2+ Be7 9. b3 O-O 10. c4 Qxg2 11. Rf1 Bxg5 12. f4 Bh4+ 13. Rf2 Bg4
14. Qb2 Rfe8+ { White resigns } 0-1

[Event "ICC tourney 2532 (25 5)"]
[Site "Internet Chess Club"]
[Date "2021.04.24"]
[Round "1"]
[White "RAMIREZ, ERICK:K12-15643935"]
[Black "AKELLA, NITIN:K12-15004804"]
[Result "0-1"]
[ICCResult "White resigns"]
[WhiteElo "631"]
[BlackElo "1790"]
[Opening "Four knights game"]
[ECO "C47"]
[NIC "KP.06"]
[Time "11:01:22"]
[PlyCount "50"]
[TimeControl "1500+5"]

1. e4 e5 2. Nf3 Nc6 3. Nc3 Nf6 4. b3 d6 5. Bc4 Be7 6. O-O O-O 7. d4 Bg4 8.
d5 Nd4 9. Be3 Nxf3+ 10. Kh1 Nxh2 11. Qd2 Nxf1 12. Rxf1 Nh5 13. Be2 Bxe2 14.
Qxe2 Nf4 15. Qg4 Ng6 16. Ne2 Qc8 17. Qg3 f5 18. Bg5 Bxg5 19. Qxg5 fxe4 20.
Ng3 Qd8 21. Qg4 Qh4+ 22. Kg1 Qxg4 23. f3 exf3 24. gxf3 Qxg3+ 25. Kh1 Nf4 {
White resigns } 0-1

[Event "ICC tourney 2532 (25 5)"]
[Site "Internet Chess Club"]
[Date "2021.04.24"]
[Round "1"]
[White "JOZLYN DIXIE, SOLEIL:K12-15083804"]
[Black "JIANG, LEO:K12-14738650"]
[Result "0-1"]
[ICCResult "White checkmated"]
[WhiteElo "750"]
[BlackElo "1871"]
[Opening "Mieses opening"]
[ECO "A00"]
[NIC "VO.13"]
[Time "11:02:23"]
[PlyCount "52"]
[TimeControl "1500+5"]

1. d3 d5 2. Nc3 Nf6 3. Bf4 Bf5 4. Nf3 c6 5. e3 e6 6. d4 Bd6 7. Ng5 Bxf4 8.
exf4 Nbd7 9. Qe2 Qb6 10. Qf3 Qxb2 11. Rc1 Qxc1+ 12. Nd1 Bg4 13. Be2 Bxf3
14. Bxf3 c5 15. O-O Qxc2 16. Re1 O-O 17. a4 Qxa4 18. Ne3 cxd4 19. Ng4 Nxg4
20. Bxg4 d3 21. f5 exf5 22. Bxf5 d2 23. Rf1 d1=Q 24. Bd3 Qxd3 25. Nxf7
Qxf1+ 26. Kxf1 Qd1# { White checkmated } 0-1

[Event "ICC tourney 2532 (25 5)"]
[Site "Internet Chess Club"]
[Date "2021.04.24"]
[Round "1"]
[White "OSKIPER, CONSTANTINE:K12-14338863"]
[Black "PEREZ, DAVID:K12-15942207"]
[Result "1-0"]
[ICCResult "Black checkmated"]
[WhiteElo "1909"]
[BlackElo "834"]
[Opening "QGD: Marshall defense"]
[ECO "D06"]
[NIC "QP.08"]
[Time "11:02:21"]
[PlyCount "77"]
[TimeControl "1500+5"]

1. d4 d5 2. c4 Nf6 3. Nf3 h6 4. Nc3 e6 5. g3 Nc6 6. Bg2 b6 7. O-O Bb7 8.
Ne5 Qe7 9. Qa4 Qd6 10. Nb5 Qe7 11. cxd5 exd5 12. Bf4 O-O-O 13. Nxc6 Bxc6
14. Qxa7 Bxb5 15. Qa8+ Kd7 16. Bh3+ Ke8 17. Qb7 g5 18. Bxc7 g4 19. Bg2 Ne4
20. Qxb6 Bd7 21. Bxd8 Qxd8 22. Qb3 Nd2 23. Qe3+ Be6 24. Qxd2 h5 25. a4 h4
26. a5 hxg3 27. fxg3 Bd6 28. a6 Qc7 29. a7 Bxg3 30. hxg3 Kd7 31. Qf4 Qb6
32. a8=Q Rxa8 33. Rxa8 Qxb2 34. Ra7+ Ke8 35. Qe5 Qb4 36. Qh8+ Qf8 37. Rb1
Qxh8 38. Rb8+ Bc8 39. Rxc8# { Black checkmated } 1-0

[Event "ICC tourney 2532 (25 5)"]
[Site "Internet Chess Club"]
[Date "2021.04.24"]
[Round "1"]
[White "ARAI LI, GORDON:K12-14256924"]
[Black "GARZA, JOSEPH:K12-14921655"]
[Result "1-0"]
[ICCResult "Black resigns"]
[WhiteElo "2008"]
[BlackElo "999"]
[Opening "Three knights game"]
[ECO "C46"]
[NIC "KP.06"]
[Time "11:02:03"]
[PlyCount "45"]
[TimeControl "1500+5"]

1. e4 e5 2. Nf3 Nc6 3. Nc3 h6 4. d4 f6 5. dxe5 fxe5 6. Bb5 d6 7. O-O Bd7 8.
a3 Nf6 9. Re1 Be7 10. Nd5 O-O 11. Bc4 Kh8 12. Nh4 Nxd5 13. Ng6+ Kh7 14.
Nxf8+ Qxf8 15. exd5 Nd4 16. Bd3+ Kg8 17. Qh5 Qf6 18. Be3 Rf8 19. Bxd4 exd4
20. Qe2 a6 21. Qxe7 Qxf2+ 22. Kh1 Bb5 23. Rf1 { Black resigns } 1-0

[Event "ICC tourney 2532 (25 5)"]
[Site "Internet Chess Club"]
[Date "2021.04.24"]
[Round "1"]
[White "LADAN, NICHOLAS:K12-15092641"]
[Black "PIPER, DARIUS:K12-17113332"]
[Result "1-0"]
[ICCResult "Black checkmated"]
[WhiteElo "2083"]
[BlackElo "1018"]
[Opening "Queen's bishop game"]
[ECO "D02"]
[NIC "QP.06"]
[Time "11:02:36"]
[PlyCount "87"]
[TimeControl "1500+5"]

1. d4 Nf6 2. Nf3 d5 3. Bf4 Bf5 4. c4 e6 5. Nc3 Bb4 6. Qa4+ Nc6 7. e3 O-O 8.
Be2 Ne4 9. Rc1 h6 10. O-O Qe7 11. cxd5 exd5 12. Nxd5 Qd8 13. Nxb4 Nxb4 14.
Qxb4 Nd6 15. Bxd6 cxd6 16. Rc3 b6 17. Rfc1 Qd7 18. Rc7 Qe6 19. Bc4 Qg6 20.
Bd5 Rac8 21. Rxc8 Rxc8 22. Rxc8+ Bxc8 23. Qe1 Qc2 24. b4 Qg6 25. a4 Bh3 26.
Nd2 Qg5 27. Bf3 Bd7 28. Ne4 Qg6 29. a5 bxa5 30. bxa5 Bc6 31. Ng3 Bxf3 32.
gxf3 h5 33. Kh1 h4 34. Ne4 h3 35. Ng3 Kf8 36. Qf1 Qf6 37. f4 Qd8 38. Qxh3
Qxa5 39. Nf5 Qe1+ 40. Kg2 f6 41. Qh8+ Kf7 42. Qxg7+ Ke6 43. Nh6 a5 44. Qf7#
{ Black checkmated } 1-0

[Event "ICC tourney 2532 (25 5)"]
[Site "Internet Chess Club"]
[Date "2021.04.24"]
[Round "1"]
[White "WOLFSON, BRIAN:K12-14879271"]
[Black "KINDY, DANIEL:K12-16972036"]
[Result "1-0"]
[ICCResult "Black resigns"]
[WhiteElo "1838"]
[BlackElo "707"]
[Opening "Réti opening"]
[ECO "A04"]
[NIC "QP.11"]
[Time "11:01:24"]
[PlyCount "55"]
[TimeControl "1500+5"]

1. Nf3 e6 2. g3 d5 3. Bg2 Nf6 4. O-O g6 5. d3 Bg7 6. Nbd2 O-O 7. Re1 c6 8.
e4 Nbd7 9. e5 Ng4 10. d4 c5 11. c3 cxd4 12. cxd4 f6 13. Bh3 fxe5 14. Bxg4
e4 15. Bxe6+ Kh8 16. Bxd7 Bxd7 17. Ne5 Bxe5 18. dxe5 Qe8 19. Nb1 Qxe5 20.
Nc3 Bc6 21. Be3 Kg8 22. Qd4 Qe6 23. Rad1 Rfd8 24. Rd2 Rd7 25. Red1 Rad8 26.
Qxa7 Kg7 27. Qc5 h6 28. b4 { Black resigns } 1-0

[Event "ICC tourney 2532 (25 5)"]
[Site "Internet Chess Club"]
[Date "2021.04.24"]
[Round "1"]
[White "KUMARAPPAN, GANESH:K12-14920281"]
[Black "XIONG, EDDIE:K12-15146811"]
[Result "1-0"]
[ICCResult "Black checkmated"]
[WhiteElo "2004"]
[BlackElo "985"]
[Opening "Sicilian: Hungarian variation"]
[ECO "B27"]
[NIC "SI.43"]
[Time "11:01:52"]
[PlyCount "35"]
[TimeControl "1500+5"]

1. e4 c5 2. Nf3 g6 3. d4 Bg7 4. Nc3 Nc6 5. d5 Ne5 6. Nxe5 Bxe5 7. f4 Bg7 8.
d6 e5 9. Nd5 Rb8 10. Bc4 b6 11. Nc7+ Kf8 12. Qd5 Qf6 13. fxe5 Ne7 14. dxe7+
Qxe7 15. Rf1 f6 16. exf6 Bxf6 17. Bh6+ Qg7 18. Qf7# { Black checkmated }
1-0

[Event "ICC tourney 2532 (25 5)"]
[Site "Internet Chess Club"]
[Date "2021.04.24"]
[Round "1"]
[White "PRAKASH SINGH, AAYUSH:K12-14598152"]
[Black "EMMANUEL GARCIA, SYMON:K12-15605522"]
[Result "1-0"]
[ICCResult "Black resigns"]
[WhiteElo "1787"]
[BlackElo "623"]
[Opening "Four knights: Rubinstein counter-gambit"]
[ECO "C48"]
[NIC "KP.03"]
[Time "11:06:21"]
[PlyCount "41"]
[TimeControl "1500+5"]

1. e4 e5 2. Nf3 Nc6 3. Nc3 Nf6 4. Bb5 Nd4 5. Ba4 Nxf3+ 6. Qxf3 b5 7. Bxb5
Bb7 8. d3 a6 9. Ba4 Bc5 10. O-O O-O 11. Bg5 Be7 12. Bb3 c6 13. Rae1 d5 14.
Bxf6 Bxf6 15. exd5 cxd5 16. Bxd5 Bxd5 17. Qxd5 Qxd5 18. Nxd5 Bd8 19. Rxe5
Rc8 20. Re2 Ba5 21. Ne7+ { Black resigns } 1-0

[Event "ICC tourney 2532 (25 5)"]
[Site "Internet Chess Club"]
[Date "2021.04.24"]
[Round "1"]
[White "M TERRIEN, THOMAS:K12-15697398"]
[Black "BENJAMIN JONES, JACOB:K12-16585267"]
[Result "0-1"]
[ICCResult "White checkmated"]
[WhiteElo "767"]
[BlackElo "1891"]
[Opening "Scotch game"]
[ECO "C45"]
[NIC "SO.04"]
[Time "11:02:11"]
[PlyCount "68"]
[TimeControl "1500+5"]

1. e4 e5 2. Nf3 Nc6 3. d4 exd4 4. Nxd4 g6 5. Nxc6 bxc6 6. Qd4 Qf6 7. Qxf6
Nxf6 8. e5 Ng4 9. Bf4 Bg7 10. Be2 Nxe5 11. Nc3 d6 12. O-O O-O 13. Bxe5 Bxe5
14. Bf3 Bd7 15. Rab1 Rfe8 16. Ne4 Rab8 17. b3 Kg7 18. Rfd1 f5 19. Nc5 Bc8
20. Nd3 Bf6 21. Bxc6 Re2 22. c4 Rxa2 23. Nf4 Bb7 24. Bxb7 Rxb7 25. Nd5 a5
26. Nxf6 Kxf6 27. g3 Ra3 28. Rd3 a4 29. Kg2 Raxb3 30. Rdxb3 axb3 31. Kf3 b2
32. Ke3 Rb3+ 33. Kd4 Ke6 34. f4 c5# { White checkmated } 0-1

[Event "ICC tourney 2532 (25 5)"]
[Site "Internet Chess Club"]
[Date "2021.04.24"]
[Round "1"]
[White "SHAH, MAHAVIR:K12-14742490"]
[Black "JIANG, LEYOU:K12-16286576"]
[Result "0-1"]
[ICCResult "White checkmated"]
[WhiteElo "677"]
[BlackElo "1831"]
[Opening "Three knights game"]
[ECO "C46"]
[NIC "KP.06"]
[Time "11:01:57"]
[PlyCount "64"]
[TimeControl "1500+5"]

1. e4 e5 2. Nf3 Nc6 3. Nc3 Bb4 4. d3 Nf6 5. Bd2 d6 6. a3 Ba5 7. b4 Bb6 8.
Rb1 O-O 9. a4 a6 10. a5 Ba7 11. Be2 Bg4 12. h3 Bh5 13. O-O Bg6 14. Nh4 Nd4
15. Nxg6 hxg6 16. Nd5 Nxd5 17. exd5 f5 18. c3 Nxe2+ 19. Qxe2 Qf6 20. g3
Rae8 21. Be3 Bxe3 22. fxe3 Qg5 23. Kg2 f4 24. h4 Qxg3+ 25. Kh1 Qxh4+ 26.
Qh2 g5 27. exf4 Qxh2+ 28. Kxh2 gxf4 29. c4 g5 30. Rg1 Rf5 31. Rg2 Kf7 32.
Rbg1 Rh8# { White checkmated } 0-1

[Event "ICC tourney 2532 (25 5)"]
[Site "Internet Chess Club"]
[Date "2021.04.24"]
[Round "1"]
[White "OMAR NAVARRETE, JONATHAN:K12-30101198"]
[Black "KUMAR KOTHAPALLI, PRADHYUMNA:K12-15273893"]
[Result "0-1"]
[ICCResult "White checkmated"]
[WhiteElo "1062"]
[BlackElo "2140"]
[Opening "Sicilian: Sozin, 7.Be3"]
[ECO "B89"]
[NIC "SI.26"]
[Time "11:01:59"]
[PlyCount "54"]
[TimeControl "1500+5"]

1. e4 c5 2. Nf3 d6 3. Nc3 Nf6 4. Bc4 Nc6 5. d4 cxd4 6. Nxd4 e6 7. Be3 Be7
8. Nxc6 bxc6 9. Qd2 d5 10. exd5 cxd5 11. Bb3 O-O 12. O-O-O Bb4 13. f3 a5
14. Kb1 a4 15. Bxa4 Bxc3 16. Qxc3 Rxa4 17. Rd2 Rc4 18. Qe5 Rc6 19. Rhd1 Nd7
20. Qf4 e5 21. Qa4 Ra6 22. Qb3 d4 23. Bf2 Qa5 24. c3 Nc5 25. Qd5 Bf5+ 26.
Ka1 Qxa2+ 27. Qxa2 Nb3# { White checkmated } 0-1